 Seeded DCSS version 0.30.0-15-g856e2d3f33 (webtiles) character file.

Game seed: 12735965570273765983 (custom seed)

5813 Pimp the Cleaver (level 10, -12/86 (93) HPs)
             Began as a Hill Orc Fighter on May 19, 2023.
             Was a High Priest of Okawaru.
             Mangled by a wight
             ... wielding a +4 great sword
              (23 damage)
             ... on level 9 of the Dungeon.
             The game lasted 00:17:12 (7123 turns).

Pimp the Cleaver (Hill Orc Fighter)                 Turns: 7123, Time: 00:17:14

HP:   -12/86 (93)   AC:  5    Str: 24    XL:     10   Next: 79%
MP:   10/10         EV:  8    Int:  8    God:    Okawaru [*****.]
Gold: 488           SH: 15    Dex: 10    Spells: 9/9 levels left

rFire   + . .        a - +0 war axe
rCold   . . .        y - +0 tower shield
rNeg    . . .        F - +2 scale mail {rF+}
rPois   .            (no helmet)
rElec   +            (no cloak)
rCorr   .            h - +0 pair of gloves of Setterch {Will+ Regen+ Str+2}
SInv    .            q - +0 pair of boots
Will    +....        e - amulet "Sifri" {Fly rElec Regen+ Int-2 Stlth+}
Stlth   +            (no ring)
HPRegen 1.94/turn    (no ring)
MPRegen 0.12/turn

%: no passive effects
@: corroded, flying, drained
A: no striking features
a: Renounce Religion, Heroism, Finesse, Duel


You were on level 9 of the Dungeon.
You worshipped Okawaru.
Okawaru was extremely pleased with you.
You visited 2 branches of the dungeon, and saw 10 of its levels.

You collected 488 gold pieces.

Inventory:

Hand Weapons
 a - a +0 war axe (weapon)
Armour
 b - a +0 scale mail
 c - a +0 buckler
 h - the +0 pair of gloves of Setterch (worn) {Will+ Regen+ Str+2}
   (You acquired it on level 1 of the Dungeon)

   Str:       It affects your strength (+2).
   Regen:     It increases your rate of health regeneration.
   Will:      It increases your willpower.
 l - a +0 plate armour
 q - a +0 pair of boots (worn)
 y - a +0 tower shield (worn)
 F - a +2 scale mail of fire resistance (worn)
Jewellery
 e - the amulet "Sifri" (around neck) {Fly rElec Regen+ Int-2 Stlth+}
   (You acquired it on level 1 of the Dungeon)

   [amulet of regeneration]

   Int:       It affects your intelligence (-2).
   rElec:     It insulates you from electricity.
   Fly:       It grants you flight.
   Regen:     It increases your rate of health regeneration.
   Stlth:     It makes you more stealthy.
 m - a ring of positive energy
 J - the amulet of Yrazoxe {Spirit *Slow rN+ Int+5 Stlth+}
   (You found it on level 9 of the Dungeon)

   [amulet of guardian spirit]

   It causes incoming damage to be divided between your reserves of health and
   magic.
   Int:       It affects your intelligence (+5).
   rN:        It protects you from negative energy.
   *Slow:     It may slow you when you take damage.
   Stlth:     It makes you more stealthy.
Wands
 u - a wand of iceblast (21)
 C - a wand of digging (1)
 H - a wand of paralysis (12)
 I - a wand of flame (29)
Scrolls
 f - a scroll of identify
 k - 4 scrolls of vulnerability {unknown}
 o - 2 scrolls of immolation {unknown}
 p - a scroll of brand weapon {unknown}
 s - 4 scrolls of enchant armour {unknown}
 t - a scroll of enchant weapon {unknown}
 v - a scroll of fear {unknown}
 x - a scroll of silence {unknown}
 A - a scroll of poison {unknown}
 E - 4 scrolls of teleportation {unknown}
Potions
 d - 4 potions of might
 g - 2 potions of degeneration
 i - a potion of haste
 j - a potion of magic {unknown}
 n - 2 potions of curing
 r - a potion of mutation {unknown}
 w - 2 potions of berserk rage {unknown}
 z - 3 potions of lignification
 B - a potion of brilliance {unknown}
 D - 2 potions of heal wounds {unknown}
 G - a potion of invisibility {unknown}
 K - a potion of flight {unknown}


   Skills:
 + Level 10.2 Fighting
 + Level 10.7 Axes
 + Level 9.3 Armour
 + Level 9.4 Shields


You had 9 spell levels left.
You didn't know any spells.
Your spell library contained the following spells:

 Spells                   Type           Power      Damage    Failure   Level
 Slow                     Hex            0%         N/A       98%         1
 Lesser Beckoning         Tloc           0%         N/A       99%         2
 Sublimation of Blood     Necr           0%         N/A       99%         2
 Wereblood                Tmut           0%         N/A       99%         2
 Confusing Touch          Hex            0%         N/A       100%        3
 Dazzling Flash           Conj/Hex       0%         N/A       100%        3
 Gell's Gravitas          Tloc           0%         N/A       100%        3
 Teleport Other           Tloc           0%         N/A       100%        3
 Vampiric Draining        Necr           0%         2d6       100%        3
 Volatile Blastmotes      Fire/Tloc      0%         2d10      100%        3
 Iskenderun's Mystic Bla  Conj/Tloc      0%         2d3       100%        4
 Passage of Golubria      Tloc           0%         N/A       100%        4
 Silence                  Hex/Air        0%         N/A       100%        5
 Starburst                Conj/Fire      0%         6d3       100%        6
 Lehudib's Crystal Spear  Conj/Erth      0%         10d2      100%        8
 Chain Lightning          Conj/Air       0%         N/A       100%        9
 Fire Storm               Conj/Fire      0%         5d1       100%        9
 Shatter                  Erth           0%         3d5*      100%        9
 Summon Small Mammal      Summ           Unusable   N/A       N/A         1
 Call Canine Familiar     Summ           Unusable   N/A       N/A         3
 Summon Guardian Golem    Hex/Summ       Unusable   N/A       N/A         3
 Summon Hydra             Summ           Unusable   N/A       N/A         7

Dungeon Overview and Level Annotations

Branches:
Dungeon (9/15)             Temple (1/1) D:5
   Lair: D:8-11         Orc: D:9-12

Altars:
Ashenzari
Dithmenos
Elyvilon
Fedhas
Gozag
Hepliaklqana
Kikubaaqudgha
Makhleb
Nemelex Xobeh
Okawaru
Qazlal
Ru
Sif Muna
Trog
Uskayaw
Vehumet
Wu Jian
Xom
Yredelemnul
Zin
The Shining One
Beogh

Annotations:
D:5 2 transporters, croobank's ghost, novice DrEE


Message History

You slash the acid dragon!
The acid dragon is heavily wounded.
You hit the wight. You block the wight's attack.
The acid dragon barely misses you. You block the acid dragon's attack.
You barely miss the acid dragon.
The acid dragon is heavily wounded.
You hit the wight but do no damage. You block the wight's attack.
The acid dragon bites you but does no damage.
You block the acid dragon's attack.
You hit the acid dragon but do no damage.
The acid dragon is heavily wounded.
You barely miss the wight. The acid dragon spits acid at you.
The splash of acid hits you!! The acid corrodes you!
A gnoll comes into view. It is wielding a +0 flail.
You barely miss the acid dragon.
The acid dragon is moderately wounded.
You hit the wight. You barely miss the wight. You block the wight's attack.
You block the acid dragon's attack.
The acid dragon claws you but does no damage.
A gnoll comes into view. It is wielding a +0 flail of draining.
You block the wight's attack.
You hit the acid dragon.
The acid dragon is heavily wounded.
You closely miss the wight. You hit the wight.
The wight hits you with a +4 great sword!
You block the acid dragon's attack. x2; The wight hits you with a +4 mace!
You hit the acid dragon.
The acid dragon is severely wounded.
You barely miss the wight. x2; You block the wight's attack.
The acid dragon bites you but does no damage.
You block the acid dragon's attack. The wight hits you with a +4 mace.
You feel drained.
* * * LOW HITPOINT WARNING * * *
You block the acid dragon's attack. x2; The wight hits you with a +4 mace!
* * * LOW HITPOINT WARNING * * *
You feel drained.
* * * LOW HITPOINT WARNING * * *
The wight hits you with a +4 great sword!!
You die...

....#
#.......#.# .#
#. ....#
#.......#.###.#
#. ....#
#.............#
...>#
#...........#
##.##
#......"....# .#
..............#
# .#
..............#
#
.......##......#
# .......
###)@z.# ######
##Dz......
.........
.....####.
...g..# ...g...#
........#
..........


You could see an acid dragon, 2 wights and 2 gnolls.

Vanquished Creatures
  A cyclops (D:9)
  Maggie (D:7)
  A hornet (D:7)
  A shadow (D:9)
  Eustachio (D:6)
  A wyvern (D:9)
  4 yaks (D:9)
  Edmund (D:6)
  A water moccasin (D:8)
  10 orc warriors
  An ice beast (D:7)
  A sky beast (D:7)
  A black bear (D:6)
  A phantom (D:5)
  4 bullfrogs
  5 scorpions
  5 wights
  9 killer bees
  2 howler monkeys
  A jelly (D:6)
  10 orc priests
  6 hounds
  A gnoll bouda (D:5)
  4 sleepcaps
  Jessica (D:3)
  An iguana (D:6)
  6 orc wizards
  7 adders
  11 gnolls
  A shadow imp (D:7)
  A white imp (D:6)
  2 ufetubi (D:6)
  2 worms
  A dart slug (D:3)
  54 orcs
  7 ball pythons
  7 bats
  3 endoplasms
  2 giant cockroaches
  8 goblins
  6 hobgoblins
  7 jackals
  7 quokkas
  3 frilled lizards
  6 kobolds
  5 rats
221 creatures vanquished.

Vanquished Creatures (others)
  An orc wizard (D:6)
1 creature vanquished.

Grand Total: 222 creatures vanquished

Notes
Turn   | Place    | Note
-------+----------+-------------------------------------------
     0 | D:1      | Pimp the Hill Orc Fighter began the quest for the Orb.
     0 | D:1      | Reached XP level 1. HP: 19/19 MP: 1/1
    51 | D:1      | Reached XP level 2. HP: 23/27 MP: 2/2
   163 | D:1      | Identified 2 scrolls of acquirement
   163 | D:1      | Acquired the +0 pair of gloves of Setterch {Will+ Regen+
                  | Str+2}
   170 | D:1      | Acquired the amulet "Sifri" {Fly rElec Regen+ Int-2 Stlth+}
   348 | D:1      | Reached XP level 3. HP: 33/33 MP: 3/3
   976 | D:2      | Reached XP level 4. HP: 40/40 MP: 4/4
  1047 | D:2      | You are sucked into a shaft and drop 1 floor!
  1565 | D:3      | Noticed Jessica
  1572 | D:3      | Killed Jessica
  1573 | D:3      | Reached XP level 5. HP: 45/47 MP: 5/5
  1694 | D:4      | Found a radiant altar of Vehumet.
  1826 | D:4      | Found a basalt altar of Yredelemnul.
  2065 | D:4      | Found a blossoming altar of Fedhas.
  2074 | D:4      | Found a hazy altar of Hepliaklqana.
  2099 | D:4      | Found a shadowy altar of Dithmenos.
  2269 | D:5      | Entered Level 5 of the Dungeon
  2380 | D:5      | Found an ornate altar of the Wu Jian Council.
  2425 | D:5      | Found a hide-covered altar of Uskayaw.
  2436 | D:5      | Reached skill level 5 in Fighting
  2436 | D:5      | Reached XP level 6. HP: 29/56 MP: 6/6
  2699 | D:5      | Reached skill level 5 in Axes
  2730 | D:5      | Reached skill level 5 in Armour
  2730 | D:5      | Reached skill level 5 in Shields
  2770 | D:5      | Reached XP level 7. HP: 53/61 MP: 7/7
  2791 | D:5      | Noticed croobank's ghost (novice DrEE)
  2791 | D:5      | Identified the +6 great mace "Zabrocita" {flame, rPois rF-
                  | Str+3}
  2793 | D:5      | Found a transporter.
  2793 | D:5      | Found a transporter.
  2946 | D:5      | Found a staircase to the Ecumenical Temple.
  3162 | Temple   | Entered the Ecumenical Temple
  3283 | Temple   | Became a worshipper of Warmaster Okawaru
  3405 | D:5      | Identified the +2 scimitar of Qeapla {drain, Drain rF++
                  | Str+3 Stlth+}
  3750 | D:6      | Noticed Eustachio
  3840 | D:6      | Killed Eustachio
  3841 | D:6      | Reached XP level 8. HP: 71/71 MP: 8/8
  3847 | D:6      | Reached * piety under Okawaru
  4157 | D:6      | Noticed Edmund
  4176 | D:6      | Killed Edmund
  4864 | D:7      | Noticed a hornet
  4882 | D:7      | Paralysed by a hornet for 2 turns
  4884 | D:7      | Killed a hornet
  4884 | D:7      | Reached ** piety under Okawaru
  4885 | D:7      | Reached XP level 9. HP: 23/81 MP: 9/9
  5018 | D:7      | Noticed Maggie
  5038 | D:7      | Killed Maggie
  5201 | D:7      | Found a white marble altar of Elyvilon.
  5830 | D:8      | Reached *** piety under Okawaru
  6116 | D:8      | Reached XP level 10. HP: 69/91 MP: 10/10
  6209 | D:8      | Found a sparkling altar of Nemelex Xobeh.
  6447 | D:8      | Found a roughly hewn altar of Beogh.
  6447 | D:8      | Found the +7 staff of the Meek {protect, meekguard}
  6617 | D:9      | Found an ancient bone altar of Kikubaaqudgha.
  6620 | D:9      | Identified the amulet of Yrazoxe {Spirit *Slow rN+ Int+5
                  | Stlth+}
  6804 | D:9      | Reached skill level 10 in Axes
  6840 | D:9      | Reached **** piety under Okawaru
  6951 | D:9      | Noticed a cyclops
  6964 | D:9      | Killed a cyclops
  7042 | D:9      | Reached skill level 10 in Fighting
  7043 | D:9      | Reached ***** piety under Okawaru
  7088 | D:9      | Found a glowing golden altar of the Shining One.
  7123 | D:9      | Mangled by a wight

Illustrated notes

Levels and vault maps discovered:
D:1:      dpeg_arrival_long_road, layout_loops_cross, hex_tiny
D:2:      minmay_evil_eye, layout_basic, basic_altar, minmay_ruptured,
          uniq_terence
D:3:      layout_loops_ring, minmay_surrounded, uniq_jessica
D:4:      layout_cave_pools, mainiacjoe_overflow_brackets,
          mainiacjoe_overflow_24_doors, mainiacjoe_overflow_catwalk, minitemple
D:5:      layout_basic, eat_drink_and_be_merry_uskayaw, kennysheep_little_box,
          minmay_temple_entry_glassed_door, gammafunk_ghost_smash, minivault_25
D:6:      old_forge, layout_loops_corners, uniq_edmund, uniq_eustachio
D:7:      minmay_angry_zag, layout_loops_ring, mainiacjoe_overflow_alcove_2,
          uniq_maggie
D:8:      layout_basic, nemelex_diamond_rough_becter, pf_guarded_unrand_meek
D:9:      layout_basic, tso_altar, old_standard_altar, erik_orc_2
Temple:   jpeg_temple_clearing

Skill      XL: |  1  2  3  4  5  6  7  8  9 10 |
---------------+-------------------------------+-----
Axes           | 3 4 5 6 7 9 10 | 10.7
Fighting       | 4 5 6 7 9 10 | 10.2
Armour         | 4 5 7 8 9 |  9.3
Shields        | 4 5 7 8 9 |  9.4

Action                     |  1- 3 |  4- 6 |  7- 9 | 10-12 || total
---------------------------+-------+-------+-------+-------++-------
  Melee: War axe           |    90 |   164 |   412 |   182 ||   848
    Use: Scroll            |     2 |       |     4 |       ||     6
         Potion            |       |       |     4 |     2 ||     6
 Armour: Scale mail        |    59 |       |    74 |    68 ||   201
         Plate armour      |       |   144 |   198 |       ||   342
  Dodge: Dodged            |    43 |    49 |    96 |    51 ||   239
  Block: Buckler           |    21 |    23 |       |       ||    44
         Tower shield      |       |    78 |   388 |   166 ||   632
